 Dungeon Crawl Stone Soup version 0.16.0-19-gb078050 (webtiles) character file.

121 Leibowitz the Shield-Bearer (level 4, -11/38 HPs)
             Began as a Demigod Fighter on Mar 23, 2015.
             Killed by divine providence
             ... invoked by an orc priest
              (15 damage)
             ... on level 3 of the Dungeon.
             The game lasted 00:06:55 (1420 turns).

Leibowitz the Shield-Bearer (Demigod Fighter)       Turns: 1420, Time: 00:06:58

Health: -11/38     AC:  6    Str: 26    XL:     4   Next: 49%
Magic:  6/6        EV: 13    Int: 12    God:
Gold:   121        SH: 11    Dex: 20    Spells: 0 memorised, 3 levels left

rFire  . . .     SeeInvis .     a - +0 war axe
rCold  . . .     Clarity  +     b - +0 scale mail
rNeg   . . .     SustAb   +     c - +0 shield
rPois  .         Gourm    .     (no helmet)
rElec  +         Spirit   .     (no cloak)
rCorr  .         Warding  .     (no gloves)
rMut   .         Stasis   .     (no boots)
MR     .....                    (no amulet)
Stlth  ++........               (no ring)
                                (no ring)

@: mighty, agile, not resistant to hostile enchantments, unstealthy
A: clarity, low mp 1, electricity resistance, sustain abilities
a: no special abilities


You were on level 3 of the Dungeon.
You were not hungry.

You visited 1 branch of the dungeon, and saw 3 of its levels.

You collected 121 gold pieces.

Inventory:

Hand weapons
 a - a +0 war axe (weapon)
Missiles
 o - 14 poisoned needles
Armour
 b - a +0 scale mail (worn)
 c - a +0 shield (worn)
Scrolls
 g - a scroll of identify {unknown}
 h - 2 scrolls of magic mapping {unknown}
 i - a scroll of blinking {unknown}
 m - a scroll of fear {unknown}
 q - 3 scrolls of fog {unknown}
 r - 2 scrolls of immolation {unknown}
 t - a scroll of remove curse {unknown}
Potions
 j - a potion of agility
 p - a potion of magic {unknown}
Comestibles
 d - 2 bread rations
 k - 2 meat rations
 l - 3 fruits
 s - a beef jerky


   Skills:
 * Level 3.0 Fighting
 * Level 2.7 Axes
 * Level 3.0 Armour
 + Level 0.8 Dodging
 * Level 1.5 Stealth
 * Level 3.5 Shields


You had 3 spell levels left.
You didn't know any spells.

Dungeon Overview and Level Annotations

Branches:
Dungeon (3/15)


Innate Abilities, Weirdness & Mutations

Your attributes are resistant to harm.
You possess an exceptional clarity of mind.
Your magical capacity is low (-10% MP).
You are resistant to electric shocks.


Message History

The rat completely misses you.
The orc wizard hits you but does no damage.
The jelly jiggles.
Drink which item? (? for menu, Esc to quit)
It was a potion of curing.
You feel better. The orc hits you with a club.
* * * LOW HITPOINT WARNING * * *
The river rat closely misses you.
The orc priest calls upon Beogh to heal the orc.
The orc's wounds heal themselves!
You block the goblin's attack. The rat barely misses you.
The orc wizard gestures wildly while chanting.
The orc wizard seems to speed up.
Drink which item? (? for menu, Esc to quit)
It was a potion of mutation.
You feel extremely strange.
You feel insulated.
Your thoughts seem clearer.
You feel less energetic. You block the river rat's attack.
The orc closely misses you. The orc wizard barely misses you.
The orc priest mumbles some strange prayers to Beogh against you.
Something smites you!
You die...

#....###.####.#
#...<'........#
#....####.##### #....#
#.####### . #....#
#.(...... ..######....#
##.######
s...........#####..#
.......org........>.#
......or@....###.#†)####
......Joo....# #.......#
############# #(......#
##......# #......#
#...(..# #...(..#
#......# #......##


You could see a jelly, an orc priest, an orc wizard, a river rat, 2 orcs, a
giant cockroach, a goblin and a rat.

Vanquished Creatures
  5 adders (D:2)
  2 worms
  3 giant geckos
  2 orcs (D:3)
  6 bats
  5 giant cockroaches
  10 goblins
  4 hobgoblins
  10 kobolds
  6 giant newts
  5 rats
58 creatures vanquished.

Notes
Turn   | Place    | Note
--------------------------------------------------------------
     0 | D:1      | Leibowitz, the Demigod Fighter, began the quest for the Orb.
     0 | D:1      | Reached XP level 1. HP: 18/18 MP: 2/2
   268 | D:1      | Reached XP level 2. HP: 23/25 MP: 3/3
   408 | D:1      | Reached skill level 3 in Fighting
   747 | D:2      | Reached XP level 3. HP: 28/31 MP: 5/5
   751 | D:2      | Reached skill level 1 in Stealth
   936 | D:2      | Found a sparkling altar of Nemelex Xobeh.
   936 | D:2      | Found a glowing silver altar of Zin.
   937 | D:2      | Found a bloodstained altar of Trog.
  1041 | D:2      | Reached XP level 4. HP: 38/38 MP: 7/7
  1420 | D:3      | Gained mutation: You are resistant to electric shocks. [potion of mutation]
  1420 | D:3      | Gained mutation: You possess an exceptional clarity of mind. [potion of mutation]
  1420 | D:3      | Gained mutation: Your magical capacity is low (-10% MP). [potion of mutation]
  1420 | D:3      | Killed from afar by an orc priest

Action                   |  1- 3 |  4- 6 || total
-------------------------+-------+-------++-------
Melee: War axe           |   135 |    39 ||   174
  Use: Potion            |       |     4 ||     4
  Eat: Chunk             |     1 |     1 ||     2
